 Dungeon Crawl Stone Soup version 0.22-a0-247-gbddf880 (webtiles) character file.

37 varam the Charlatan (level 3, 0/17 HPs)
             Began as a Spriggan Artificer on Feb 24, 2018.
             Slain by a kobold
             ... wielding a +0 short sword
              (7 damage)
             ... on level 2 of the Dungeon.
             The game lasted 00:05:15 (1522 turns).

varam the Charlatan (Spriggan Artificer)            Turns: 1522, Time: 00:05:16

Health: 0/17       AC:  2    Str:  9    XL:     3   Next: 23%
Magic:  7/7        EV: 18    Int: 12    God:
Gold:   72         SH:  0    Dex: 16    Spells: 2/2 levels left

rFire    . . .     SeeInvis +   a - +0 short sword
rCold    . . .     Gourm    .   (shield restricted)
rNeg     . . .     Faith    .   b - +0 robe
rPois    .         Spirit   .   (helmet restricted)
rElec    .         Reflect  .   (no cloak)
rCorr    .         Harm     .   (gloves unavailable)
MR       .....                  (boots unavailable)
Stlth    +++.......             (no amulet)
HPRegen  0.05/turn              (no ring)
MPRegen  0.10/turn              (no ring)

@: very quick
A: very small, unfitting armour, see invisible, herbivore, speed 3, slow
metabolism 2
a: no special abilities


You were on level 2 of the Dungeon.
You were not hungry.

You visited 1 branch of the dungeon, and saw 2 of its levels.

You collected 72 gold pieces.

Inventory:

Hand Weapons
 a - a +0 short sword (weapon)
Armour
 b - a +0 robe (worn)
Wands
 c - a wand of flame (13)
 d - a wand of enslavement (15)
 e - a wand of random effects (15)
Scrolls
 n - a scroll of enchant weapon {unknown}
 p - a scroll of teleportation
Potions
 h - a potion of flight {unknown}
 i - 2 potions of heal wounds {unknown}
 m - a potion of agility {unknown}
 o - a potion of mutation {unknown}
Comestibles
 f - 3 rations


   Skills:
 - Level 0.7 Fighting
 + Level 2.6 Short Blades
 - Level 3.0 Dodging
 + Level 3.7 Stealth
 - Level 4.0 Evocations


You had 2 spell levels left.
You didn't know any spells.

Dungeon Overview and Level Annotations

Branches:
Dungeon (2/15)

Altars:
Kikubaaqudgha


Innate Abilities, Weirdness & Mutations

You are very small and have problems with some larger weapons.
You are too small for most types of armour.
You have supernaturally acute eyesight. (SInv)
You are a herbivore.
You cover ground extremely quickly.
You need consume almost no food.


Message History

The puff of flame hits the worm.
The worm is heavily wounded.
You hit the worm but do no damage.
The worm is heavily wounded.
You barely miss the worm.
The worm is heavily wounded.
The worm bites you.
Evoke which item? (* to show all) (? for menu, Esc to quit)
Aiming: Throw Flame
Press: ? - help, Shift-Dir - straight line, f/p - worm
Aim: a worm (heavily wounded)
The puff of flame hits the worm.
The worm is almost dead.
You hit the worm.
You kill the worm!
The kobold throws a stone.
The stone misses you.
You barely miss the kobold. The kobold completely misses you.
You barely miss the kobold. The kobold hits you with a short sword.
You closely miss the kobold. The kobold hits you with a short sword!
You die...

,,,,,....#.#
#.#.#*********,*
,,,,.....#.# #.#.#
*****,***
***.###..#.#####...#
*,,,,,,,* ***,*
#...........##
*,*****,*
,**,###....######.#
*,* *,*
,,,,.......,..# #.#
*,* *,*
***,.......*#.# #.#
*,* *,*
****#......##†###(#
*<*****,*
,,,,..(......(.K@)#
*,,,,,,,*
**,,PP.....P#.#####
****,****
*,,.PP#....#.# *,**
*,,..###...#.# *,,*
*,,,.......†.# **,*
*,,,.........# *,*
*,**.._..##P.# *,*
*,*,.....,#..# *,**
*,**###***#.##
***,,**


You could see a kobold.

Vanquished Creatures
  A worm (D:2)
  A dart slug (D:1)
  2 giant cockroaches (D:1)
  5 goblins (D:1)
  2 hobgoblins
  2 jackals (D:1)
  2 kobolds
  10 bats
  4 frilled lizards
  3 rats (D:1)
32 creatures vanquished.

Notes
Turn   | Place    | Note
-------+----------+-------------------------------------------
     0 | D:1      | varam the Spriggan Artificer began the quest for the Orb.
     0 | D:1      | Reached XP level 1. HP: 9/9 MP: 4/4
    72 | D:1      | Reached skill level 2 in Stealth
   336 | D:1      | Reached XP level 2. HP: 12/14 MP: 6/6
   434 | D:1      | Reached skill level 2 in Short Blades
   480 | D:1      | Reached skill level 3 in Stealth
  1307 | D:1      | Reached XP level 3. HP: 17/17 MP: 7/7
  1481 | D:2      | Found an ancient bone altar of Kikubaaqudgha.
  1522 | D:2      | Slain by a kobold

Vault maps used:
D:1:      mrwooster_arrival_statue_2
D:2:      nicolae_overflow_hidden_temple, marbit_many_paths,
          kiku_gazebo_garden_becter

Skill      XL: |  1  2 |
---------------+-------+-----
Stealth        | 2 3 |  3.7
Short Blades   | 2 |  2.6
Fighting       | |  0.7
Dodging        | |  3.0
Evocations     | |  4.0

Action                   || total
-------------------------++-------
Melee: Short sword       ||   125
Evoke: Wand              ||     2
  Use: Scroll            ||     4
 Stab: Sleeping          ||     6
Armor: Robe              ||    19
Dodge: Dodged            ||   129

Table legend:
 A = Spawn XP
 B = Non-spawn XP
 C = Spawn XP percentage of total XP
 D = Spawn monster count
 E = Non-spawn monster count
 F = Spawn count percentage of total count
 G = Total turns spent on level
                    A         B        C        D         E        F      G
               +---------+---------+-------+---------+---------+-------+---------
         Total |       0 |      54 |   0.0 |       0 |      32 |   0.0 |  1522
               +---------+---------+-------+---------+---------+-------+---------
           D:1 |       0 |      42 |   0.0 |       0 |      25 |   0.0 |  1420
           D:2 |       0 |      12 |   0.0 |       0 |       7 |   0.0 |   102
               +---------+---------+-------+---------+---------+-------+---------
